 Dungeon Crawl Stone Soup version 0.31.0-32-g396128a36d (webtiles) character file.

Game seed: 7473970694076354779

1161 SpockOc the Changeling (level 8, -1/57 HPs)
             Began as an Octopode Shapeshifter on Mar 8, 2024.
             Slain by an ufetubus (2 damage)
             ... on level 6 of the Dungeon.
             The game lasted 00:07:13 (5294 turns).

SpockOc the Changeling (Octopode Shapeshifter)      Turns: 5294, Time: 00:07:14

Health: -1/57      AC:  1    Str: 19    XL:     8   Next: 39%
Magic:  8/8        EV: 17    Int: 12    God:
Gold:   182        SH:  0    Dex: 14    Spells: 7/7 levels left

rFire   . .          .
                       - Unarmed
rCold   . . .        (shield currently unavailable)
rNeg    . . .        (helmet restricted)
rPois   .            (no amulet)
rElec   .            S - +6 ring of strength
rCorr   .            (no ring)
SInv    .            (no ring)
Will    .....        (no ring)
Stlth   +            (no ring)
HPRegen 0.29/turn    (no ring)
MPRegen 0.11/turn    (no ring)
                     (no ring)

%: no passive effects
@: flux-form, glowing
A: glow, contaminating, almost no armour, amphibious, 8 rings, camouflage 1,
gelatinous body 1, (nimble swimmer 1), tentacles
a: Begin Untransformation


You were on level 6 of the Dungeon.
You were something dangerously unstable.
You visited 2 branches of the dungeon, and saw 7 of its levels.

You collected 182 gold pieces.


Innate Abilities, Weirdness & Mutations

You are something dangerously unstable.
You glow with magical radiation, making you easy to see and hit.
Foes you strike become dangerously contaminated with magical radiation.
You are incapable of wielding weapons or throwing items.
You cannot wear most types of armour.
You are amphibious.
You can wear up to eight rings at the same time.
Your skin changes colour to match your surroundings (Stealth+).
Your rubbery body absorbs attacks. (AC +1, EV +1)
((You are camouflaged when in or above water. (Stealth+)))
You have tentacles for arms and can constrict up to eight enemies at once.


   Skills:
 + Level 6.1 Fighting
 - Level 2.0 Dodging
 * Level 4.3 Unarmed Combat
 - Level 7.0 Shapeshifting


You had 7 spell levels left.
You didn't know any spells.
Your spell library contained the following spells:

 Spells                   Type           Power      Damage    Failure   Level
 Sandblast                Erth           0%         2d4       32%         1
 Blink                    Tloc           0%         N/A       45%         2
 Lesser Beckoning         Tloc           0%         N/A       45%         2
 Momentum Strike          Conj/Tloc      0%         3d8       45%         2
 Passwall                 Erth           0%         N/A       69%         3
 Stone Arrow              Conj/Erth      0%         3d7       69%         3
 Brom's Barrelling Bould  Conj/Erth      0%         2d3       97%         4
 Vhi's Electric Charge    Tloc/Air       0%         N/A       97%         4
 Arcjolt                  Conj/Air       0%         1d10      100%        5
 Plasma Beam              Fire/Air       0%         2x1d10    100%        6

Inventory:

Hand Weapons
 p - a +4 short sword
Missiles
 e - 12 poisoned darts (quivered)
Armour
 a - a +2 kite shield
Magical Staves
 k - a staff of cold {!a}
Jewellery
 C - a ring of ice
 S - a +6 ring of strength (left tentacle)
Talismans
 b - a beast talisman
 c - a flux talisman (active)
Scrolls
 d - a scroll of teleportation {unknown}
 f - 2 scrolls of enchant armour {unknown}
 g - a scroll of silence {unknown}
 l - a scroll of torment {unknown}
 m - a scroll of amnesia {unknown}
 n - 7 scrolls of identify {unknown}
 o - a scroll of blinking {unknown}
 q - 2 scrolls of brand weapon {unknown}
 s - a scroll of vulnerability {unknown}
Potions
 h - a potion of heal wounds {unknown}
 i - 3 potions of curing {unknown}
 j - 2 potions of resistance {unknown}
 r - 3 potions of might {unknown}
 t - 2 potions of attraction {unknown}
 u - a potion of ambrosia {unknown}

Dungeon Overview and Level Annotations

Branches:
Dungeon (6/15)             Temple (1/1) D:5

Altars:
Ashenzari
Cheibriados
Dithmenos
Trog
Vehumet
Wu Jian
Xom
The Shining One

Annotations:
D:3 3 runed translucent doors, Tripartite's ghost, amateur MfBe
D:5 3 runed translucent doors, Consumeair16's ghost, novice HOMo
D:6 Grinder

...####.....##......
#....##....##...#..
#..#..........##..
#..........#......
###.................
##..##.###.##.#......
#...#.## ##..........
##..5#5# ..+####....
#....p## ..## #....
#....5# .. #....
#..##... #.... #.
..... #.... ..#.#.$
#.... #####.... ...
#.... #.. ##.# .. ..


You could see Grinder (heavy contam, misshapen) and 2 ufetubi.


Message History

You tentacle-slap Grinder.
Grinder begins to glow.
Grinder is severely wounded.
You constrict Grinder. Grinder gestures at you.
You suddenly lose the ability to move!
You lose your grip on Grinder.
The ufetubus hits you. x2; Grinder completely misses you.
The ufetubus barely misses you. The ufetubus hits you.
* * * LOW HITPOINT WARNING * * *
Grinder hits you.
* * * LOW HITPOINT WARNING * * *
The ufetubus slips past you! The ufetubus hits you.
* * * LOW HITPOINT WARNING * * *
The ufetubus completely misses you. The ufetubus hits you.
* * * LOW HITPOINT WARNING * * *
The ufetubus completely misses you. The ufetubus completely misses you.
The ufetubus hits you.
* * * LOW HITPOINT WARNING * * *
The ufetubus hits you.
* * * LOW HITPOINT WARNING * * *
The ufetubus hits you but does no damage.
Grinder hits you.
* * * LOW HITPOINT WARNING * * *
You can move again.
You tentacle-slap Grinder.
Grinder glows dangerously bright.
Your grab misses Grinder.
Grinder is almost dead.
The ufetubus hits you.
* * * LOW HITPOINT WARNING * * *
The ufetubus hits you.
You die...

Skill      XL: |  1  2  3  4  5  6  7  8 |
---------------+-------------------------+-----
Fighting       | 2 3 4 5 6 |  6.1
Unarmed Combat | 4 |  4.3
Shapeshifting  | 6 7 |  7.0
Dodging        | |  2.0

Action                     |  1- 3 |  4- 6 |  7- 9 || total
---------------------------+-------+-------+-------++-------
  Melee: Unarmed           |    33 |   121 |    99 ||   253
         Constrict         |    11 |    32 |    21 ||    64
         Tentacles         |     8 |    25 |    26 ||    59
         Punch             |       |     3 |     5 ||     8
  Throw: Dart              |     3 |     5 |     3 ||    11
    Use: Potion            |       |     1 |       ||     1
   Stab: Sleeping          |     2 |     5 |     1 ||     8
 Armour: Skin              |    16 |    50 |    60 ||   126
  Dodge: Dodged            |    25 |    70 |    64 ||   159
   Form: Flux              |       |       |     1 ||     1

Levels and vault maps discovered:
D:1:      roderic_lyre, layout_basic, basic_ecumenical_altar
D:2:      layout_basic, uniq_terence
D:3:      layout_basic, mainiacjoe_overflow_six_doors_small,
          biasface_ghost_orc_armoury, chequers_serial_rivers_micro_c,
          minmay_strange_pillars
D:4:      layout_gridville, cheibrodos_worm_habitat, uniq_sigmund
D:5:      layout_rooms, minmay_temple_entry_trees, ebering_ghost_rock_garden,
          serial_corexii_hall, chequers_hall_statues_y,
          corexii_hall_statues_deadend, chequers_hall_statues_y
D:6:      layout_layer_cave, nicolae_uskayaw_suspiria,
          nicolae_overflow_crystal_walls, general_overflow_altar,
          mainiacjoe_overflow_divided_tiny, uniq_grinder
Temple:   nicolae_temple_stand_before_the_council

Notes
Turn   | Place    | Note
-------+----------+-------------------------------------------
     0 | D:1      | SpockOc the Octopode Shapeshifter began the quest for the
                  | Orb.
     0 | D:1      | Reached XP level 1. HP: 13/13 MP: 1/1
   316 | D:1      | Reached skill level 2 in Fighting
   316 | D:1      | Reached XP level 2. HP: 19/19 MP: 2/2
   600 | D:1      | Found a faded altar of an unknown god.
   998 | D:2      | Noticed Terence
  1013 | D:2      | Killed Terence
  1014 | D:2      | Reached skill level 3 in Fighting
  1014 | D:2      | Reached XP level 3. HP: 24/26 MP: 3/3
  1360 | D:2      | Reached XP level 4. HP: 29/33 MP: 4/4
  1383 | D:2      | Reached skill level 4 in Fighting
  1825 | D:2      | Reached XP level 5. HP: 23/38 MP: 5/5
  2146 | D:3      | Reached skill level 5 in Fighting
  2477 | D:3      | Found a runed translucent gate.
  2477 | D:3      | Found a runed translucent gate.
  2479 | D:3      | Found a runed translucent gate.
  2479 | D:3      | Identified the +0 leather armour of the Seven Scars {Int+3
                  | Dex-2 SInv}
  2482 | D:3      | Noticed Tripartite's ghost (amateur MfBe)
  2591 | D:3      | Found a broken altar of Ashenzari.
  2723 | D:3      | Reached skill level 4 in Unarmed Combat
  2882 | D:4      | Reached XP level 6. HP: 37/45 MP: 6/6
  2960 | D:4      | Noticed Sigmund
  2975 | D:4      | Killed Sigmund
  2976 | D:4      | Reached skill level 6 in Fighting
  3019 | D:4      | You fall into a shaft and drop 1 floor!
  3019 | D:5      | Entered Level 5 of the Dungeon
  3264 | D:5      | Found a runed translucent gate.
  3265 | D:5      | Found a runed translucent gate.
  3266 | D:5      | Found a runed translucent gate.
  3351 | D:4      | Reached XP level 7. HP: 48/52 MP: 7/7
  3443 | D:4      | Reached skill level 4 in Shapeshifting
  3810 | D:4      | Found a snail-covered altar of Cheibriados.
  4350 | D:5      | Reached skill level 5 in Shapeshifting
  4489 | D:5      | Reached skill level 6 in Shapeshifting
  4489 | D:5      | Reached XP level 8. HP: 55/57 MP: 8/8
  4774 | D:5      | Noticed Consumeair16's ghost (novice HOMo)
  4935 | D:5      | Found a staircase to the Ecumenical Temple.
  4972 | Temple   | Entered the Ecumenical Temple
  5111 | D:6      | Reached skill level 7 in Shapeshifting
  5283 | D:6      | Noticed Grinder
  5283 | D:6      | Paralysed by Grinder for 3 turns
  5290 | D:6      | Paralysed by Grinder for 3 turns
  5293 | D:6      | HP: 5/57 [Grinder (4)]
  5294 | D:6      | HP: 1/57 [ufetubus (4)]
  5294 | D:6      | Slain by an ufetubus

Vanquished Creatures
  Sigmund (D:4)
  A black bear (D:5)
  A centaur (D:5)
  2 phantoms
  2 scorpions
  A hound (D:6)
  2 jellies
  3 bombardier beetles
  An iguana (D:5)
  3 sleepcaps
  Terence (D:2)
  2 orc wizards
  4 gnolls
  5 adders
  2 dart slugs (D:3)
  4 ribbon worms
  18 orcs
  9 bats
  5 endoplasms
  2 giant cockroaches
  6 goblins
  7 hobgoblins
  A quokka (D:1)
  5 ball pythons
  4 frilled lizards
  8 kobolds
  3 rats
103 creatures vanquished.

Table legend: (Time is in decaauts)
 A = Elapsed time spent in this place.
 B = Non-inter-level travel time spent in this place.
 C = Inter-level travel time spent in this place.
 D = Time resting spent in this place.
 E = Time spent auto-exploring this place.
 F = Levels seen in this place.
 G = Mean time per level.
                   A        B        C        D        E       F      G
               +--------+--------+--------+--------+--------+-----+--------+
         Total |   5280 |   5073 |    207 |    763 |   3472 |   7 |  754.3 |
       Dungeon |   5278 |   5072 |    206 |    763 |   3472 |   6 |  879.7 |
        Temple |      1 |      0 |      1 |      0 |      0 |   1 |    1.0 |
               +--------+--------+--------+--------+--------+-----+--------+

Top non-repeatable levels by time:
     D:1: 1268 daAuts
     D:4: 1192 daAuts
     D:5: 1096 daAuts
     D:2: 815 daAuts
     D:3: 762 daAuts
     D:6: 143 daAuts
  Temple: 1 daAuts

Table legend:
 A = Non-vault XP
 B = Vault XP
 C = Vault XP percentage of total XP
 D = Non-vault monster count
 E = Vault monster count
 F = Vault count percentage of total count
                 A         B        C        D         E       F
            +---------+---------+-------+---------+---------+-------
      Total |    1380 |     279 |  16.8 |     100 |       3 |   2.9
            +---------+---------+-------+---------+---------+-------
        D:1 |      32 |       0 |   0.0 |      11 |       0 |   0.0
        D:2 |     109 |      36 |  24.8 |      27 |       1 |   3.6
        D:3 |     129 |       0 |   0.0 |      21 |       0 |   0.0
        D:4 |     290 |     243 |  45.6 |      24 |       2 |   7.7
        D:5 |     691 |       0 |   0.0 |      15 |       0 |   0.0
        D:6 |     129 |       0 |   0.0 |       2 |       0 |   0.0
            +---------+---------+-------+---------+---------+-------
